 Dungeon Crawl Stone Soup version 0.28.0-47-ge53b351184 (webtiles) character file.

Game seed: 4646419664165864973

39 GigaChad the Covered (level 3, -1/33 HPs)
             Began as a Minotaur Fighter on May 9, 2022.
             Killed by divine providence
             ... invoked by an orc priest
              (11 damage)
             ... on level 2 of the Dungeon.
             The game lasted 00:01:44 (904 turns).

GigaChad the Covered (Minotaur Fighter)              Turns: 904, Time: 00:01:45

Health: -1/33      AC:  7    Str: 20    XL:     3   Next: 26%
Magic:  2/2        EV:  9    Int:  5    God:
Gold:   46         SH:  4    Dex: 11    Spells: 2/2 levels left

rFire   . . .      SeeInvis .   a - +0 long sword
rCold   . . .      Faith    .   c - +0 buckler
rNeg    . . .      Spirit   .   b - +0 scale mail
rPois   .          Reflect  .   (helmet restricted)
rElec   .          Harm     .   (no cloak)
rCorr   .          Rampage  .   (no gloves)
Will    .....                   (no boots)
Stlth   ..........              (no amulet)
HPRegen 0.11/turn               (no ring)
MPRegen 0.08/turn               (no ring)

@: no status effects
A: horns 2, retaliatory headbutt
a: no special abilities


You were on level 2 of the Dungeon.
You visited 1 branch of the dungeon, and saw 2 of its levels.

You collected 46 gold pieces.

Inventory:

Hand Weapons
 a - a +0 long sword (weapon)
Armour
 b - a +0 scale mail (worn)
 c - a +0 buckler (worn)
Scrolls
 e - a scroll of teleportation {unknown}
 i - a scroll of identify {unknown}
Potions
 d - a potion of might
 f - a potion of attraction {unknown}
 g - a potion of heal wounds {unknown}
 h - a potion of lignification {unknown}


   Skills:
 + Level 4.1 Fighting
 + Level 3.0 Long Blades
 + Level 4.3 Armour
 + Level 3.9 Shields


You had 2 spell levels left.
You didn't know any spells.
Your spell library was empty.

Dungeon Overview and Level Annotations

Branches:
Dungeon (2/15)

Altars:


Innate Abilities, Weirdness & Mutations

You have a pair of horns on your head.
You reflexively headbutt those who attack you in melee.


Message History

A goblin comes into view. It is wielding a +0 dagger.
The orc moves out of view.
You see here a frilled lizard corpse.
You slash the dart slug!
The dart slug is severely wounded.
The dart slug closely misses you.
You hit the dart slug.
You kill the dart slug!
You barely miss the orc. You headbutt the orc.
The orc is almost dead.
The orc hits you but does no damage. The orc hits you with a +0 whip.
You hit the orc.
You kill the orc!
The orc hits you with a +0 whip.
The goblin unwields a +0 dagger.
The goblin wields a +0 hunting sling.
The goblin shoots a stone.
You block the stone.
Your Long Blades skill increases to level 3!
The orc barely misses you.
The goblin unwields a +0 hunting sling.
The goblin wields a +0 dagger.
The goblin hits you but does no damage.
An orc priest comes into view. It is wielding a +0 falchion.
The orc hits you but does no damage.
Things that are here:
a +0 dagger; an orc corpse You closely miss the goblin.
The orc priest shouts!
You hear a shout! x3
A kobold comes into view. It is wielding a +0 dagger.
The orc barely misses you. The goblin hits you but does no damage.
The orc hits you with a +0 dagger.
You completely miss the orc. Your headbutt misses the orc.
The orc hits you but does no damage. The goblin hits you but does no damage.
The orc hits you but does no damage.
An orc comes into view. It is wielding a +0 dagger.
The orc barely misses you.
You slash the orc!
You kill the orc!
The orc priest calls down the wrath of Beogh upon you.
Beogh smites you! The goblin barely misses you. You block the orc's attack.
The orc priest mumbles some strange prayers to Beogh against you.
Beogh smites you!
You die... # .. #. .#... .. .#.#. #. ## .# .o#... ... .. . .#.#.##.###. .# # .. oKo

... . . #.#. #g# #.# .#
..##.#.##@###.####.#
#.......o).........#
#........†.†.....######
###....!....##......#
#.:.....#.........####
#.........##..........
..........####.###.#...#
########..# #.# #......
#.... ..# #.....#


You could see an orc priest, 2 orcs, a goblin and a kobold.

Vanquished Creatures
  A worm (D:2)
  2 dart slugs
  2 orcs (D:2)
  5 ball pythons (D:1)
  3 endoplasms (D:1)
  2 goblins (D:1)
  4 jackals (D:1)
  2 quokkas (D:1)
  3 bats (D:1)
  2 frilled lizards
  A kobold (D:1)
  3 rats (D:1)
30 creatures vanquished.

Notes
Turn   | Place    | Note
-------+----------+-------------------------------------------
     0 | D:1      | GigaChad the Minotaur Fighter began the quest for the Orb.
     0 | D:1      | Reached XP level 1. HP: 19/19 MP: 0/0
    67 | D:1      | Reached XP level 2. HP: 5/27 MP: 1/1
   415 | D:1      | Found a faded altar of an unknown god.
   819 | D:1      | Reached XP level 3. HP: 33/33 MP: 2/2
   904 | D:2      | Killed from afar by an orc priest

Illustrated notes

Levels and vault maps discovered:
D:1:      lightli_arrival_flooded_house, layout_rooms,
          shapermc_ecumenical_altar_totnotflames,
          corexii_item_surrounded_by_moat
D:2:      layout_loops_cross, serial_shops, shop_statue,
          kennysheep_small_spiral, minmay_diced_spiral

Skill      XL: |  1  2  3 |
---------------+----------+-----
Armour         | 4 |  4.3
Fighting       | 4 |  4.1
Long Blades    | 3 |  3.0
Shields        | |  3.9

Action                   || total
-------------------------++-------
Melee: Long sword        ||    54
       Headbutt          ||     7
Armor: Scale mail        ||    43
Dodge: Dodged            ||    50
Block: Buckler           ||    28
